 Dungeon Crawl Stone Soup version 0.18-b1-22-ge198996 (webtiles) character file.

61 Balhrin the Skirmisher (level 3, -8/33 HPs)
             Began as a Draconian Abyssal Knight on May 4, 2016.
             Was a Follower of Nemelex Xobeh.
             Mangled by a small abomination (12 damage)
             ... created by the touch of Lugonu
             ... on level 2 of the Dungeon.
             The game lasted 00:12:57 (1326 turns).

Balhrin the Skirmisher (Draconian Abyssal Knight)   Turns: 1326, Time: 00:12:58

Health: -8/33      AC:  5    Str: 14    XL:     3   Next: 83%
Magic:  4/4        EV: 13    Int: 12    God:    Nemelex Xobeh [*.....]
Gold:   95         SH:  0    Dex: 15    Spells: 0 memorised, 2 levels left

rFire  . . .     SeeInvis .     a - +2 spear
rCold  . . .     Gourm    .     (armour unavailable)
rNeg   . . .     Faith    .     (no shield)
rPois  .         Spirit   .     (helmet restricted)
rElec  .         Dismiss  .     (no cloak)
rCorr  .         Reflect  .     (no gloves)
SustAt .         Harm     .     (no boots)
MR     .....                    (no amulet)
Stlth  +.........               (no ring)
                                d - +4 ring of dexterity

@: flying, not resistant to hostile enchantments, very unstealthy
A: unfitting armour, cold-blooded, AC +5
a: Renounce Religion


You were on level 2 of the Dungeon.
You worshipped Nemelex Xobeh.
Nemelex Xobeh was aware of your devotion.
You were not hungry.

You visited 1 branch of the dungeon, and saw 2 of its levels.
You visited the Abyss 1 time.

You collected 95 gold pieces.

Inventory:

Hand Weapons
 a - a +2 spear (weapon)
Missiles
 e - 22 bolts
 g - 8 needles of frenzy
 l - 3 javelins (quivered)
Jewellery
 d - a +4 ring of dexterity (left hand)
Scrolls
 h - a scroll of remove curse {unknown}
 m - a scroll of identify {unknown}
 n - a scroll of enchant armour {unknown}
Potions
 f - a potion of ambrosia {unknown}
 i - a potion of cure mutation {unknown}
Miscellaneous
 j - a plain deck of war {drawn: 1}
Comestibles
 b - a bread ration
 c - 5 chunks of flesh


   Skills:
 + Level 4.1 Fighting
 * Level 2.5 Polearms
 * Level 2.9 Dodging
 + Level 0.2 Stealth
   Level 2.2 Invocations


You had 2 spell levels left.
You didn't know any spells.

Dungeon Overview and Level Annotations

Branches:
Dungeon (2/15)

Altars:
Nemelex Xobeh


Innate Abilities, Weirdness & Mutations

Your plain brown scales are hard (AC +5).
Your body does not fit into most forms of armour.
You are cold-blooded and may be slowed by cold attacks.


Message History

Throwing (i - inventory):
l - 5 javelins (quivered)
Press: ? - help, Shift-Dir - straight line, f/p - small abomination
Aim: a small abomination (durably summoned)
You throw a javelin.
The small abomination barely misses you.
Throwing (i - inventory):
l - 4 javelins (quivered)
Press: ? - help, Shift-Dir - straight line, f/p - small abomination
Aim: a small abomination (durably summoned)
You throw a javelin.
You feel less confused. The small abomination hits you!
You hit the small abomination but do no damage.
The small abomination hits you!
* * * LOW HITPOINT WARNING * * *
Drink which item? (? for menu, Esc to quit)
It was a potion of flight.
You feel very buoyant.
You fly up into the air.
The small abomination hits you!
You die...
Your body glows slightly and disappears.

#.....+......#.#.##..#.<..
###..##......#.#.##..#.#.#
#..#######...#.##..#....
#..#######.###..........
#..........# ###...#.#.#
##.#######.# #.###.#.#
#.#.....#.# #...)....
#.#(..x.#.# #.###.#..
#.#...@.#.# #### #.#..
#......(+.#.. .. #.#.)
###.....###...#. #.#(.
#......#####.#.###.#..
#(.................(..
#.......#.####........
###......##.#...........
..........##.#.####......
#.###.#.##.##.#.# ##...#.


You could see a small abomination.

Vanquished Creatures
  An adder (D:2)
  An ooze (D:1)
  A worm (D:2)
  2 dart slugs (D:2)
  2 giant geckos (D:1)
  5 bats
  A giant cockroach (D:1)
  4 goblins
  4 hobgoblins
  3 jackals (D:1)
  4 kobolds
  A quokka (D:2)
  9 rats
38 creatures vanquished.

Notes
Turn   | Place    | Note
--------------------------------------------------------------
     0 | Abyss:1  | Balhrin the Draconian Abyssal Knight began the quest for the Orb.
     0 | Abyss:1  | Reached XP level 1. HP: 19/19 MP: 2/2
     7 | D:1      | Escaped the Abyss
    53 | D:1      | Reached * piety under Lugonu
   247 | D:1      | Reached XP level 2. HP: 17/26 MP: 3/3
   795 | D:1      | Reached skill level 4 in Fighting
   795 | D:1      | Reached XP level 3. HP: 33/33 MP: 4/4
  1083 | D:2      | Found a faded altar to an unknown god.
  1112 | D:2      | Fell from the grace of Lugonu
  1112 | D:2      | Became a worshipper of Nemelex Xobeh the Trickster
  1112 | D:2      | Received a gift from Nemelex Xobeh
  1112 | D:2      | Reached * piety under Nemelex Xobeh
  1326 | D:2      | Mangled by a small abomination

Skill      XL: |  1  2 |
---------------+-------+-----
Fighting       | 4 |  4.1
Polearms       | |  2.5
Dodging        | |  2.9
Stealth        | |  0.2
Invocations    | |  2.2

Action                   || total
-------------------------++-------
Melee: Spear             ||   120
       Tailslap          ||    12
Throw: Javelin           ||     4
Invok: Depart the Abyss  ||     1
Evoke: Deck              ||     1
  Use: Scroll            ||     1
       Potion            ||     1
  Eat: Chunk             ||     2
Armor: Skin              ||    39
Dodge: Dodged            ||    88
